 Dungeon Crawl Stone Soup version 0.14-a0-1361-g0512ea0 (webtiles) character file.

1146 4tharraofdagon the Slasher (level 8, 0/54 HPs)
             Began as a Halfling Abyssal Knight on Dec 7, 2013.
             Was a Priest of Lugonu.
             Killed by a spatial distortion (4 damage)
             ... on Level 8 of the Dungeon.
             The game lasted 00:17:53 (3373 turns).

4tharraofdagon the Slasher (HaAK)                   Turns: 3373, Time: 00:17:53

HP   0/54        AC 16     Str 11      XL: 8   Next: 52%
MP   5/14        EV  3     Int 16      God: Lugonu [***...]
Gold 87          SH  0     Dex 13      Spells:  0 memorised,  7 levels left

rFire  . . .     SeeInvis .     a - +2 falchion
rCold  . . .     Clarity  .     t - +0 plate armour
rNeg   . . .     Conserve .     (no shield)
rPois  .         rCorr    .     (no helmet)
rElec  .         rRot     .     g - +0 cloak
SustAb . .       Spirit   .     u - +2 pair of gloves of the Cities {Dex-3 Int+4}
rMut   .         Warding  .     x - +0 pair of dwarf boots
Saprov . . .     Stasis   .     (no amulet)
                                (no ring)
                                (no ring)

@: slightly resistant to hostile enchantments, extremely unstealthy
A: mutation resistance 1, slow metabolism 1
a: Depart the Abyss, Bend Space, Banish, Renounce Religion


You were on level 8 of the Dungeon.
You worshipped Lugonu.
Lugonu was most pleased with you.
You were near starving.

You visited 1 branch of the dungeon, and saw 8 of its levels.
You visited the Abyss 1 time.

You collected 126 gold pieces.
You spent 39 gold pieces at shops.

Inventory:

Hand weapons
 a - a +2,+2 falchion (weapon)
 i - a +0 blowgun
 z - a +0,+0 scimitar
Missiles
 s - a poisoned dart (quivered)
 v - 4 poisoned needles
Armour
 b - a +0 leather armour
 g - a +0 cloak (worn)
 j - a +0 ring mail
 p - a +0 orcish chain mail
 t - a +0 plate armour (worn)
 u - the cursed +2 pair of gloves of the Cities (worn) {Dex-3 Int+4}
   (You found it on level 5 of the Dungeon)

   It affects your intelligence (+4).
   It affects your dexterity (-3).
   It has a curse placed upon it.
 x - a +0 pair of dwarven boots (worn)
Magical devices
 o - a wand of confusion (0)
 D - a wand of disintegration (11)
Comestibles
 c - 2 bread rations
 h - 2 meat rations
 w - a choko
Scrolls
 e - a scroll of amnesia
 f - 2 scrolls of teleportation {unknown}
 k - 2 scrolls of identify
 m - 3 scrolls of random uselessness
 n - 4 scrolls of immolation
 y - a scroll of remove curse {unknown}
 A - a scroll of enchant armour {unknown}
Potions
 d - a potion of porridge
 l - a potion of paralysis
 q - a potion of lignification
 B - a potion of invisibility
 C - a potion of restore abilities
Magical staves
 r - an uncursed staff of summoning {unknown}


   Skills:
 + Level 4.1 Fighting
 * Level 5.5 Long Blades
 + Level 3.0 Armour
 + Level 5.0 Dodging
 + Level 4.4 Invocations
 + Level 2.9 Evocations


You had 7 spell levels left.
You didn't know any spells.

Dungeon Overview and Level Annotations

Branches:
Dungeon (8/16)             Temple (0/1) D:6
   Lair: D:8-11

Altars:
Ashenzari
Cheibriados
Fedhas
Makhleb
Nemelex Xobeh

Shops:
D:7 [

Annotations:
D:4 4tharraofdagon's ghost, average DjSk
D:8 Grum


Innate Abilities, Weirdness & Mutations

You are small and have problems with some larger weapons.
You are somewhat resistant to further mutation.
You have a slow metabolism.


Message History

There is a stone staircase leading down here.
Use which ability? (? or * to list)
Press: ? - help, Shift-Dir - straight line, f - two-headed ogre
Aim: a two-headed ogre, wielding two giant clubs (translocational energy)
The two-headed ogre resists with some effort.
You are near starving!
The two-headed ogre hits you with a giant club!
* * * LOW HITPOINT WARNING * * *
The two-headed ogre hits you but does no damage.
Unknown command.
Use which ability? (? or * to list) Space bends around you!
You blink.
* * * LOW HITPOINT WARNING * * *
You feel slightly more hungry. The wolf bites you but does no damage.
Grum hits you from afar with a spear.
* * * LOW HITPOINT WARNING * * *
Unknown command.
Use which ability? (? or * to list) Space bends around you!
You blink.
You die...

.........##. #.#
....w.....##. #.#
...........##.####.#
...........##......##
...........######⌠.⌠#
#.......f........#._.####
#.h........⌠.⌠....
#.................
#@................
#.................
#..h..............
#....§............
#f..h............
###.g..###...... #O####
#.....
...######§########.#
.....z..>..........


You could see Grum, a two-headed ogre, a worm (wandering), 2 active
ballistomycetes and 3 wolves.

Vanquished Creatures
  2 giant frogs
  5 crimson imps
  2 hounds
  4 orc wizards (D:6)
  3 worker ants
  2 iguanas
  3 adders
  An inept feature mimic (D:5)
  A worm (D:8)
  A giant eyeball (D:5)
  38 orcs
  9 hobgoblins
  8 jackals
  4 kobolds
  3 quokkas
  3 bats
  2 giant cockroaches
  2 giant newts (D:1)
  7 goblins
  A kobold zombie (D:5)
  14 rats
115 creatures vanquished.

Vanquished Creatures (others)
  An orc warrior (D:7)
  An ogre (D:8)
  2 phantoms
  3 orc priests
  A jelly (D:5)
  2 orc wizards (D:7)
  A scorpion (D:7)
  A giant spore (D:8)
  A ballistomycete (D:8)
13 creatures vanquished.

Grand Total: 128 creatures vanquished

Notes
Turn   | Place    | Note
--------------------------------------------------------------
     0 | Abyss:1  | 4tharraofdagon, the Halfling Abyssal Knight, began the quest for the Orb.
     0 | Abyss:1  | Reached XP level 1. HP: 15/15 MP: 1/1
    25 | Abyss:1  | Noticed a guardian serpent zombie
    27 | D:1      | Escaped the Abyss
    66 | D:1      | Acquired Lugonu's first power
   150 | D:1      | Reached skill level 1 in Armour
   150 | D:1      | Reached XP level 2. HP: 17/20 MP: 2/2
   497 | D:4      | Reached skill level 3 in Fighting
   497 | D:4      | Reached XP level 3. HP: 21/26 MP: 4/4
   531 | D:5      | Entered Level 5 of the Dungeon
   566 | D:5      | Reached XP level 4. HP: 28/31 MP: 5/5
   585 | D:4      | Noticed 4tharraofdagon's ghost (average DjSk)
   679 | D:5      | Found a blossoming altar of Fedhas.
   736 | D:5      | Acquired Lugonu's second power
   747 | D:5      | Reached XP level 5. HP: 12/36 MP: 7/7
  1156 | D:5      | Reached XP level 6. HP: 40/42 MP: 9/9
  1191 | D:5      | Got a pair of smoking gloves
  1193 | D:5      | Noticed an ice beast
  1214 | D:4      | Identified the cursed +2 pair of gloves of the Cities {Dex-3 Int+4} (You found it on level 5 of the Dungeon)
  1602 | D:6      | Reached skill level 1 in Evocations
  1747 | D:6      | Reached skill level 4 in Long Blades
  1966 | D:6      | Acquired Lugonu's third power
  1966 | D:6      | Reached XP level 7. HP: 46/46 MP: 11/11
  2226 | D:4      | Noticed an ogre
  2359 | D:5      | Paralysed by a giant eyeball for 3 turns
  2366 | D:5      | Paralysed by a giant eyeball for 4 turns
  2547 | D:6      | Found a staircase to the Ecumenical Temple.
  2697 | D:7      | Reached XP level 8. HP: 42/54 MP: 8/14
  2812 | D:7      | hurdos: Hi
  2818 | D:7      | Reached skill level 5 in Long Blades
  2824 | D:7      | 4tharraofdagon: hello
  2835 | D:7      | Found a snail-covered altar of Cheibriados.
  2882 | D:7      | Found a burning altar of Makhleb.
  2882 | D:7      | Found a shattered altar of Ashenzari.
  2899 | D:7      | You fall through a shaft!
  3026 | D:7      | Found Measimn's Antique Armour Emporium.
  3037 | D:7      | Bought a pair of dwarven boots for 39 gold pieces
  3337 | D:8      | Found a sparkling altar of Nemelex Xobeh.
  3355 | D:8      | Noticed a two-headed ogre
  3356 | D:8      | Noticed Grum
  3368 | D:8      | Reached skill level 5 in Dodging
  3373 | D:8      | Killed by a spatial distortion

Action                   |  1- 3 |  4- 6 |  7- 9 || total
-------------------------+-------+-------+-------++-------
Melee: Falchion          |    67 |   167 |   212 ||   446
Throw: Dart              |       |     5 |     6 ||    11
Invok: Depart the Abyss  |     1 |       |       ||     1
       Banish            |       |       |    15 ||    15
       Bend Space        |       |       |     1 ||     1
Evoke: Wand              |     6 |     6 |     1 ||    13
  Use: Scroll            |       |     4 |     7 ||    11
       Potion            |       |     5 |       ||     5
 Stab: Confused          |     2 |     1 |       ||     3
